Map: Catalyst LE

Players

Serral - Winner!

  • Race: Zerg Zerg
  • Spawn Location: 5:00

Trap

  • Race: Protoss Protoss
  • Spawn Location: 11:00

Event: IEM Season 12 - Katowice

VOD

Have the link to the VOD?

Description

Time

  • Played on: March 3, 2018, 12:23 p.m.
  • Length: 13:11

All games in this series

Show
View Real Time Build Order
Export as new Build Order

Serral Zerg - Winner!

Build Orders: Hatch First, Lurkers, Roach Hydra 

Get SALT Encoding   

  12  0:00  Drone  
  13  0:12  Overlord  
  13  0:17  Drone  
  14  0:30  Drone x2  
  16  0:48  Hatchery  
  15  0:51  Drone  
  15  0:55  Drone  
  17  0:59  Drone  
  18  1:09  Extractor  
  17  1:14  Spawning Pool  
  17  1:17  Drone  
  17  1:21  Drone  
  18  1:28  Drone  
  19  1:38  Overlord  
  19  1:49  Drone  
  20  2:01  Queen x2  
  20  2:02  Zergling x2  
  20  2:03  Zergling x2  
  26  2:09  Metabolic Boost  
  26  2:12  Drone  
  26  2:15  Drone  
  28  2:23  Drone x2  
  30  2:34  Drone x2  
  32  2:42  Hatchery  
  31  2:49  Queen  
  33  2:54  Overlord  
  33  2:58  Drone  
  34  3:04  Drone  
  35  3:06  Drone  
  35  3:09  Overlord  
  36  3:13  Drone x3  
  36  3:16  Drone x2  
  41  3:21  Drone  
  41  3:25  Queen  
  44  3:28  Overlord  
  44  3:30  Drone  
  45  3:38  Overlord  
  45  3:41  Drone  
  45  3:42  Drone x2  
  45  3:43  Overlord  
  48  3:48  Spore Crawler  
  48  3:49  Drone  
  48  3:51  Spore Crawler  
  47  3:57  Overlord  
  47  3:59  Drone x3  
  50  4:04  Lair  
  50  4:11  Roach Warren  
  50  4:14  Drone x2  
  51  4:17  Extractor x2  
  51  4:18  Drone x2  
  51  4:23  Zergling x4  
  53  4:24  Overlord  
  53  4:27  Drone x2  
  54  4:33  Drone x3  
  54  4:38  Drone  
  57  4:41  Drone x2, Extractor  
  57  4:47  Overlord  
  57  4:48  Drone x2  
  57  4:49  Overlord  
  59  4:56  Roach x3  
  66  5:03  Roach x3  
  72  5:08  Evolution Chamber, Zergling x6  
  72  5:13  Zergling x4  
  76  5:14  Drone  
  76  5:18  Drone x3  
  77  5:25  Roach x2  
  79  5:38  Drone x3  
  79  5:40  Roach x2  
  79  5:41  Zerg Missile Weapons Level 1, Glial Reconstitution  
  79  5:42  Drone x2  
  88  5:45  Drone x4  
  88  5:48  Overlord  
  92  5:51  Overlord  
  92  5:54  Drone x2  
  94  6:01  Extractor x2  
  94  6:04  Overlord, Extractor  
  91  6:06  Roach x3  
  98  6:13  Overseer  
  98  6:15  Drone x3  
  98  6:18  Drone x3  
  103  6:19  Drone  
  103  6:22  Hatchery  
  103  6:23  Drone  
  103  6:27  Roach x3  
  103  6:32  Drone  
  110  6:33  Overlord  
  110  6:37  Overlord  
  110  6:42  Drone x6  
  110  6:43  Extractor  
  110  6:46  Drone x2, Hydralisk Den  
  114  6:50  Overlord  
  114  6:51  Pneumatized Carapace  
  114  6:54  Drone x3  
  117  7:02  Drone x3  
  117  7:03  Drone x2  
  121  7:14  Drone x2  
  123  7:21  Muscular Augments  
  123  7:22  Hydralisk x3  
  123  7:25  Lurker Den, Extractor  
  123  7:28  Roach  
  127  7:30  Drone x2, Overlord  
  127  7:31  Drone  
  127  7:35  Hydralisk x3  
  136  7:39  Hydralisk x2  
  136  7:42  Zerg Missile Weapons Level 2  
  136  7:43  Ravager  
  141  7:48  Overlord x2  
  141  7:50  Hydralisk  
  141  7:51  Hydralisk x2  
  146  8:09  Overlord  
  146  8:10  Hydralisk x6  
  158  8:21  Roach x6  
  158  8:26  Overseer  
  170  8:28  Overlord x3  
  170  8:30  Overlord  
  170  8:32  Grooved Spines  
  170  8:33  Overlord, Hatchery  
  169  8:41  Roach  
  169  8:42  Roach x2  
  169  8:48  Hydralisk x5  
  185  8:55  Overlord  
  185  9:00  Hydralisk x4  
  192  9:05  Overseer  
  192  9:28  Hydralisk  
  192  9:29  Hydralisk x3  
  196  9:32  Overlord  
  196  9:37  Lurker x3  
  196  9:38  Lurker  
  186  9:53  Infestation Pit  
  186  9:55  Hatchery  
  186  9:58  Zerg Ground Armor Level 1  
  184  10:01  Hydralisk x3  
  184  10:02  Roach x6  
  198  10:12  Roach x2  
  197  10:19  Overlord  
  185  10:22  Roach x7  
  185  10:28  Overlord  
  197  10:30  Overlord  
  184  10:36  Overlord  
  184  10:39  Hydralisk x3  
  184  10:40  Roach x5  
  194  10:46  Drone x2, Hive  
  194  10:48  Hydralisk x5  
  192  11:01  Hydralisk x3  
  192  11:02  Roach x5  
  193  11:08  Hydralisk x4  
  193  11:09  Roach x7  
  193  11:18  Drone x3, Extractor  
  193  11:21  Hydralisk x2, Swarm Host  
  193  11:22  Roach  
  193  11:35  Hydralisk x2  
  193  11:37  Lurker x2  
  193  11:39  Overseer  
  199  11:48  Overlord  
  199  11:50  Lurker  
  195  12:01  Adaptive Talons  
  195  12:06  Hydralisk x2  
  195  12:07  Roach x2  
  191  12:10  Roach x3  
  191  12:15  Hydralisk x2  
  183  12:16  Roach  
  183  12:19  Queen  
  183  12:22  Extractor  
  178  12:24  Drone x3  
  178  12:27  Zergling x20  
  178  12:28  Zergling x18  
  196  12:41  Hydralisk  
  196  12:42  Hydralisk  
Show
View Real Time Build Order
Export as new Build Order

Trap Protoss 

Build Orders: 1 Gate Expand, Oracle Opening, Phoenix Opening, Archon Immortal 

Get SALT Encoding   

  12  0:00  Probe  
  13  0:12  Probe  
  14  0:20  Pylon  
  14  0:25  Probe  
  15  0:38  Probe (Chrono Boost)  
  16  0:44  Gateway  
  16  0:47  Probe (Chrono Boost)  
  17  0:52  Probe (Chrono Boost)  
  17  0:53  Assimilator  
  18  1:04  Probe  
  19  1:16  Probe  
  20  1:27  Nexus  
  20  1:37  Cybernetics Core  
  20  1:39  Probe  
  21  1:47  Assimilator  
  21  1:51  Probe  
  22  1:54  Pylon  
  22  2:03  Probe  
  23  2:12  Adept (Chrono Boost)  
  25  2:15  Probe  
  25  2:18  Stargate  
  26  2:28  Probe, Warp Gate  
  27  2:31  Pylon  
  27  2:37  Adept  
  27  2:40  Probe (Chrono Boost)  
  27  2:41  Probe (Chrono Boost)  
  31  2:51  Probe x2 (Chrono Boost)  
  33  2:55  Probe (Chrono Boost)  
  33  2:56  Probe (Chrono Boost)  
  35  3:01  Phoenix (Chrono Boost)  
  37  3:07  Probe  
  37  3:08  Probe  
  39  3:14  Pylon  
  39  3:19  Probe  
  40  3:20  Probe  
  40  3:21  Adept  
  40  3:24  Oracle  
  46  3:32  Probe x2  
  48  3:35  Gateway  
  48  3:41  Gateway  
  48  3:48  Probe  
  48  3:49  Probe, Twilight Council  
  48  3:54  Pylon  
  50  4:01  Probe x2  
  52  4:05  Pylon  
  52  4:08  Assimilator  
  52  4:10  Assimilator  
  52  4:13  Probe x2  
  54  4:17  Resonating Glaives (Chrono Boost)  
  54  4:28  Probe x2  
  56  4:34  Adept x2  
  60  4:39  Adept  
  62  4:47  Probe x2  
  62  4:52  Nexus  
  64  4:53  Pylon  
  64  5:00  Adept x3  
  70  5:09  Robotics Facility  
  70  5:10  Robotics Facility  
  70  5:16  Pylon  
  70  5:27  Sentry x2  
  74  5:29  Probe x2  
  74  5:31  Pylon  
  74  5:32  Sentry  
  76  5:46  Gateway  
  76  5:47  Gateway  
  76  5:53  Warp Prism (Chrono Boost), Gateway  
  82  5:59  Probe x2, Zealot  
  82  6:02  Pylon  
  82  6:03  Immortal (Chrono Boost)  
  87  6:04  Probe  
  86  6:11  Probe  
  86  6:12  Probe  
  86  6:18  Probe  
  89  6:20  Immortal (Chrono Boost)  
  89  6:24  Probe x2  
  95  6:32  Immortal (Chrono Boost)  
  95  6:34  Probe  
  95  6:36  Probe x2, Pylon  
  95  6:39  Forge, Assimilator  
  102  6:43  Assimilator  
  103  6:47  Probe  
  103  6:48  Probe x2  
  103  6:52  Pylon, Observer  
  106  6:56  Pylon  
  106  7:05  Immortal  
  106  7:07  Probe x3  
  113  7:13  Immortal (Chrono Boost)  
  117  7:23  Templar Archives  
  117  7:25  Photon Cannon  
  117  7:29  Gateway  
  117  7:31  Protoss Ground Weapons Level 1 (Chrono Boost), Gateway  
  117  7:34  Photon Cannon  
  117  7:35  Photon Cannon  
  119  7:44  Immortal (Chrono Boost)  
  119  7:47  Psionic Storm  
  119  7:50  Immortal (Chrono Boost)  
  123  7:54  Probe x3  
  128  8:06  High Templar x2  
  128  8:09  Pylon  
  128  8:10  Pylon  
  128  8:11  High Templar  
  133  8:23  Pylon  
  133  8:26  Shield Battery  
  133  8:27  High Templar x3  
  133  8:28  Shield Battery  
  133  8:29  Immortal  
  133  8:30  Warp Prism  
  145  8:37  Zealot x2  
  147  8:45  Pylon  
  147  8:47  Nexus  
  147  9:03  Photon Cannon x2  
  147  9:06  Photon Cannon  
  147  9:07  Photon Cannon, High Templar x4  
  147  9:08  Zealot x4  
  147  9:09  Pylon  
  163  9:11  Archon  
  163  9:12  Archon  
  163  9:16  Protoss Ground Weapons Level 2 (Chrono Boost)  
  153  9:38  Zealot x4  
  153  9:39  Zealot x3  
  153  9:40  Zealot  
  153  9:43  Immortal (Chrono Boost)  
  171  9:59  Zealot x3  
  179  10:06  Immortal (Chrono Boost)  
  178  10:10  Zealot x2  
  178  10:11  Zealot  
  178  10:18  Stalker x2  
  162  10:25  Zealot x3  
  154  10:29  Immortal (Chrono Boost)  
  154  10:35  Immortal (Chrono Boost)  
  148  10:41  Stalker x2  
  150  10:43  Charge (Chrono Boost)  
  146  10:54  Stalker x3  
  142  11:01  Observer (Chrono Boost)  
  131  11:05  Archon  
  131  11:11  Zealot x3  
  119  11:18  High Templar x2  
  119  11:19  High Templar x2  
  124  11:27  Observer (Chrono Boost)  
  124  11:31  Probe x2 (Chrono Boost)  
  126  11:34  Probe (Chrono Boost)  
  128  11:42  Probe x2 (Chrono Boost)  
  128  11:44  Probe (Chrono Boost)  
  130  11:47  Probe x3 (Chrono Boost)  
  130  11:52  Probe  
  132  11:57  Probe x2  
  132  11:58  Probe  
  127  12:03  Sentry x2  
  116  12:25  High Templar x2  
  116  12:26  High Templar x2  
  122  12:30  Archon x2  
  122  12:35  Pylon  
  120  12:37  Pylon  
  120  12:39  Pylon  
  106  12:57  Archon  
  104  13:00  Zealot x6  

Tags
 
Add a new tag
Caveats
  • Supply blocks, unpowered buildings, or Contaminate may cause inaccurate times.
  • Supply counts are checked every 10 seconds.